Zazza, neutral female human Tourist ------------ |..........| |..........| ------ |..........| ------ |....| ------ -----.------ #.....| ##.....| |$.... # ###|....|# # |<...| |...... # # |....|####......#########---------- |......| # ### |....|# |....| #-........| |......@f################ ## # |.^..|# |....| |.....>..| |......| ----|-- ### |.....# ------ |........| ------- |.....| # ------ |........| |.....| ### ---------- |.....| # |......### ------- Zazza the Rambler Experience level: 1 Strength: 10 Dexterity: 13 Constitution: 14 Intelligence: 14 Wisdom: 9 Charisma: 18 Health: 4(15) Energy: 2(2) Def: 0 Gold: 703 Moves: 1779 Dungeon seed: eiy2UEISXsYb47Mq Game ID: Zazza_1604998647 Your Inventory: Coins $ - 703 gold pieces Weapons a - 37 +2 darts (in quiver) n - 18 +0 darts o - a +0 orcish bow w - a +2 scimitar x - a +0 sling D - a +0 arrow E - a +0 scimitar F - 8 cursed +0 arrows L - a cursed +0 orcish dagger M - a cursed +1 orcish dagger O - 36 cursed +2 darts Armor e - an uncursed +0 Hawaiian shirt (being worn) q - an uncursed +0 dwarvish cloak (being worn) r - an uncursed +0 orcish helm y - an uncursed +0 orcish helm P - a cursed +0 Hawaiian shirt Q - a cursed +2 dwarvish cloak Y - a cursed +0 orcish helm Comestibles b - 4 uncursed tripe rations g - an uncursed lembas wafer h - an uncursed egg A - an uncursed pancake R - 6 uncursed food rations S - 2 cursed slime molds T - 5 cursed tripe rations Scrolls H - an uncursed scroll of stinking cloud I - an uncursed scroll of fire J - 2 cursed scrolls of magic mapping Potions j - 2 uncursed potions of extra healing t - an uncursed potion of gain energy u - 2 uncursed potions of healing G - a cursed potion of monster detection K - a cursed potion of extra healing Wands C - a wand of secret door detection (0:11) Tools l - an expensive camera (0:52) m - an uncursed credit card s - an uncursed towel B - an uncursed stethoscope U - an uncursed credit card V - an expensive camera (0:32) W - an uncursed stethoscope Gems z - an uncursed worthless piece of blue glass N - an uncursed worthless piece of yellowish brown glass X - a cursed jasper stone Spells and supernatural/magical abilities: Name Level Category Fail Memory W - pray for help -- divine ? -- Your skills at the end: Fighting Skills Weapon Skills dart [Basic] Spellcasting Skills Final Attributes: You were fervently aligned. You survived. Vanquished creatures: a hobbit a hobgoblin a yellow mold a jackal a fox a kobold 2 goblins a sewer rat 3 grid bugs 8 newts 20 creatures vanquished. Voluntary challenges: You never hit with a wielded weapon. You read items or engraved 8 times, starting on turn 481. You never genocided any monsters. You never polymorphed an object. You never changed form. You used no wishes. You never split a pudding. You wrote Elbereth's name 2 times, starting on turn 1625. You never violated your personal moral code. Dungeon overview: The Dungeons of Doom: levels 1 to 5 Level 1 a long staircase Level 2 a potion shop, some fountains Level 3 Level 4 a fountain stairs to The Gnomish Mines Level 5 <- You were here The Gnomish Mines: Level 5 stairs to The Dungeons of Doom History has recorded: On T:1 you entered the Dungeons of Doom to retrieve the Amulet of Yendor! On T:503 you reached level 2 of The Dungeons of Doom. On T:1042 you reached level 3 of The Dungeons of Doom. On T:1395 you reached level 4 of The Dungeons of Doom. On T:1488 you reached level 1 of The Gnomish Mines. On T:1581 you reached level 5 of The Dungeons of Doom. Score breakdown: Gold: 561 ( 9353 points) Experience: 1 level ( 0 points) Exploration: 5 levels ( 10.20%) ( 8660 points) Discoveries: 1 item ( 0.34%) ( 1737 points) Valuables value: (no points given unless you survive) Artifact value: 0 ( 0 points) Variety of kills: 10 monsters ( 2.62%) ( 4860 points) Turncount: 1779 turns ( 0 points) Survival: quit (score multiplied by 90%) Total score: 22149 Latest messages: Aloha Zazza, the human Tourist, welcome back to NetHack! Final status: Aloha Zazza the Tourist, quit... You quit in The Dungeons of Doom on dungeon level 5 with 22149 points, and 703 pieces of gold, after 1779 moves. You were level 1 with a maximum of 15 hit points when you quit.